 Dungeon Crawl Stone Soup version 0.24.0-41-g2ae2f7f1be (webtiles) character file.

Game seed: 6751831791987479366, levelgen mode: deterministic

24462 FessEmpty the Thaumaturge (level 13, 0/61 HPs)
             Began as a Vine Stalker Enchanter on Dec 13, 2019.
             Was a High Priest of Hepliaklqana.
             Slain by a vampire mosquito (1 damage)
             ... on level 4 of the Lair of Beasts.
             The game lasted 01:19:08 (17022 turns).

FessEmpty the Thaumaturge (Vine Stalker Enchanter) Turns: 17022, Time: 01:19:09

Health: 0/61       AC:  5    Str: 13    XL:     13   Next: 13%
Magic:  0/28       EV: 18    Int: 15    God:    Hepliaklqana [*****.]
Gold:   829        SH:  0    Dex: 20    Spells: 13/32 levels left

rFire    . . .     SeeInvis .   B - +1 dagger (speed)
rCold    . . .     Gourm    .   (no shield)
rNeg     . . .     Faith    .   b - +0 robe
rPois    .         Spirit   +   (helmet restricted)
rElec    .         Reflect  .   p - +0 cloak
rCorr    .         Harm     .   z - +0 pair of gloves
MR       +....                  (no boots)
Stlth    +++++.....             (no amulet)
HPRegen  1.00/turn              v - ring of wizardry
MPRegen  0.21/turn              P - ring of stealth

@: no status effects
A: reduced essence, fangs 3, horns 1, rugged brown scales 1, regeneration 2,
strong 1, magic shield, antimagic bite, no potion heal 3, rot immunity
a: Recall Ancestor, Ancestor Identity, Transference, Idealise, Renounce Religion


You were on level 4 of the Lair of Beasts.
You worshipped Hepliaklqana.
Hepliaklqana was extremely pleased with you.
You were very hungry.

You visited 3 branches of the dungeon, and saw 17 of its levels.

You collected 829 gold pieces.

Inventory:

Hand Weapons
 B - a +1 dagger of speed (weapon)
 F - a +0 rapier
Missiles
 h - 2 throwing nets (quivered)
 x - 25 boomerangs
Armour
 b - a +0 robe (worn)
 p - a +0 cloak (worn)
 z - a +0 pair of gloves (worn)
 O - a +0 leather armour
Jewellery
 n - an uncursed ring of see invisible
 q - an uncursed ring of ice
 v - a ring of wizardry (left hand)
 E - an uncursed ring of poison resistance
 P - a ring of stealth (right hand)
Wands
 u - a wand of enslavement (8)
 C - a wand of acid (9)
 D - a wand of flame (94)
 I - a wand of polymorph (5)
Scrolls
 c - 5 scrolls of magic mapping
 e - 7 scrolls of remove curse
 f - 2 scrolls of enchant armour
 j - 2 scrolls of fog
 k - 8 scrolls of teleportation
 r - a scroll of random uselessness {unknown}
 t - 2 scrolls of immolation
 y - a scroll of amnesia
 G - a scroll of blinking {unknown}
 J - a scroll of fear {unknown}
 L - a scroll of summoning {unknown}
 N - 2 scrolls of enchant weapon
Potions
 a - 2 potions of agility {unknown}
 i - a potion of might {unknown}
 l - 2 potions of invisibility {unknown}
 m - a potion of brilliance {unknown}
 o - a potion of curing {unknown}
 s - a potion of resistance {unknown}
 w - 4 potions of haste
 A - a potion of flight {unknown}
 H - 2 potions of lignification {unknown}
Comestibles
 d - 23 rations


   Skills:
 + Level 6.8 Fighting
 - Level 8.8 Short Blades
 + Level 7.9 Dodging
 - Level 7.7 Stealth
 + Level 10.1 Spellcasting
 + Level 5.6 Conjurations
 + Level 8.9 Hexes
 + Level 5.2 Invocations


You had 13 spell levels left.
You knew the following spells:

 Your Spells              Type           Power        Failure   Level  Hunger
a - Corona                Hex            ####...      1%          1    None
b - Ensorcelled Hibernat  Hex/Ice        ###...       1%          2    None
c - Confuse               Hex            ####....     1%          3    None
d - Dazzling Spray        Conj/Hex       ####..       1%          3    None
e - Apportation           Tloc           #.....       4%          1    None
f - Confusing Touch       Hex            ####..       1%          1    None
g - Fulminant Prism       Conj/Hex       ####......   1%          4    ###....
h - Cause Fear            Hex            ####......   1%          4    ###....

Your spell library contained the following spells:

 Spells                   Type           Power        Failure   Level  Hunger
 Flame Tongue             Conj/Fire      ###..        1%          1    None
 Magic Dart               Conj           ###.         1%          1    None
 Shock                    Conj/Air       ###.         1%          1    None
 Searing Ray              Conj           ###...       1%          2    None
 Throw Flame              Conj/Fire      ###...       1%          2    None
 Inner Flame              Hex/Fire       ###.....     1%          3    None
 Tukima's Dance           Hex            ####....     1%          3    None
 Animate Skeleton         Necr           N/A          4%          1    None
 Summon Small Mammal      Summ           #...         4%          1    None
 Conjure Flame            Conj/Fire      ###.....     4%          3    None
 Iskenderun's Mystic Bla  Conj           ###.....     4%          4    ###....
 Gell's Gravitas          Tloc           #.........   12%         3    None
 Force Lance              Conj/Tloc      ###.....     12%         4    ###....
 Sticky Flame             Conj/Fire      ###.....     12%         4    ###....
 Metabolic Englaciation   Hex/Ice        ###.......   16%         5    #####..
 Yara's Violent Unravell  Hex/Tmut       ###.......   16%         5    #####..
 Fireball                 Conj/Fire      ###.......   32%         5    #####..
 Lightning Bolt           Conj/Air       ###.......   32%         5    #####..
 Petrify                  Tmut/Erth      #.......     34%         4    ###....
 Iron Shot                Conj/Erth      ###.......   86%         6    ######.


Dungeon Overview and Level Annotations

Branches:
Dungeon (12/15)            Temple (1/1) D:5            Lair (4/6) D:9
    Orc (0/2) D:11
  Swamp: Lair:2-4    Shoals: Lair:2-4     Snake: Lair:2-4    Spider: Lair:2-4

Altars:
Ashenzari
Cheibriados
Dithmenos
Elyvilon
Fedhas
Gozag
Hepliaklqana
Kikubaaqudgha
Makhleb
Nemelex Xobeh
Okawaru
Qazlal
Ru
Sif Muna
Trog
Uskayaw
Vehumet
Wu Jian
Xom
Yredelemnul
Zin

Shops:
D:9 }   D:10 ?

Annotations:
Lair:1 exclusion: 2 oklob plants
Lair:3 exclusion: oklob plant


Innate Abilities, Weirdness & Mutations

You have razor-sharp teeth.
You heal very quickly.
When hurt, damage is shared between your health and your magic reserves.
Your bite disrupts and absorbs the magic of your enemies.
Potions cannot restore your health.
You are immune to rotting.
Your life essence is reduced to manifest your ancestor. (-10% HP)
You have a pair of small horns on your head.
You are partially covered in rugged brown scales. (AC +1, +3% HP)
Your muscles are strong. (Str +2)


Message History

You swap places.
You now have 829 gold pieces (gained 16).
i - a fuming sapphire potion You swap places.
A bullfrog comes into view.
A bullfrog is nearby!
No reachable target in view!
The helpless bullfrog fails to defend itself.
You stick the bullfrog like a pincushion!!!
You kill the bullfrog!
You swap places.
An oklob plant comes into view.
Marking area around an oklob plant as unsafe for travelling.
There is a stone staircase leading down here.
You swap places.
There is a stone staircase leading down here.
All of the chunks of flesh in your inventory have rotted away.
You swap places.
You are feeling hungry.
Partly explored, can't reach some places.
Partly explored, can't reach some places.
(D) Dungeon (T) Temple (L) Lair (O) Orcish Mines
Where to? (Enter - Lair:3, ? - help)
There is a stone staircase leading down here.
You climb downwards.
There is a stone staircase leading up here.
Found a stone staircase leading up.
You swap places.
A vampire mosquito comes into view.
A vampire mosquito is nearby!
A vampire mosquito comes into view.
The vampire mosquito buzzes angrily. x2
A vampire mosquito comes into view.
The vampire mosquito moves out of view.
The vampire mosquito buzzes angrily.
You hear an angry buzzing noise.
The vampire mosquito misses you.
The vampire mosquito closely misses you.
Throwing (i - inventory. (/) - cycle)
h - 3 throwing nets (quivered)
Press: ? - help, Shift-Dir - straight line, f - vampire mosquito
Aim: a vampire mosquito
Okay, then.
You hit the vampire mosquito. Your bite misses the vampire mosquito.
The vampire mosquito is lightly damaged.
The vampire mosquito closely misses you.
Throwing (i - inventory. (/) - cycle)
h - 3 throwing nets (quivered)
Press: ? - help, Shift-Dir - straight line, f - vampire mosquito
Aim: a vampire mosquito (lightly damaged)
Okay, then.
Casting: Confusing Touch (safe; 1% risk of failure)
Confirm with . or Enter, or press ? or * to list all spells.
Aiming: Fulminant Prism (safe; 1% risk of failure)
Press: ? - help, Dir - move target cursor You conjure a prism of explosive energy!
A fulminant prism comes into view.
The vampire mosquito barely misses you.
The vampire mosquito bites Mettia.
The vampire mosquito misses Mettia.
The vampire mosquito misses Mettia.
Mettia gestures at the vampire mosquito while chanting.
The vampire mosquito resists with significant effort.
The vampire mosquito closely misses you.
Your fulminant prism crackles loudly.
The vampire mosquito closely misses Mettia.
What are your orders? t - Shout!
Orders for allies: a - Attack new target. r - Retreat! s - Stop attacking. g - Guard the area. f - Follow me.
Anything else - Cancel.
Retreat in which direction?
Press: ? - help, Dir - move target cursor Fall back!
The vampire mosquito closely misses Mettia.
The vampire mosquito bites you.
The vampire mosquito draws strength from your injuries!
The vampire mosquito bites Mettia.
A vampire mosquito comes into view.
Your fulminant prism explodes!
The blast of energy engulfs the vampire mosquito!
The vampire mosquito is severely damaged.
The blast of energy engulfs the fungus!!
The fungus is severely damaged.
The blast of energy engulfs the vampire mosquito!!
The vampire mosquito is severely damaged.
You hear a loud, deep croak!
You hear an angry hiss.
The vampire mosquito barely misses Mettia.
The vampire mosquito closely misses you.
The vampire mosquito bites you!
The vampire mosquito draws strength from your injuries!
Casting: Fulminant Prism (safe; 1% risk of failure)
Confirm with . or Enter, or press ? or * to list all spells.
Aiming: Fulminant Prism (safe; 1% risk of failure)
Press: ? - help, Dir - move target cursor You conjure a prism of explosive energy!
A fulminant prism comes into view.
The vampire mosquito barely misses you.
The vampire mosquito bites you but does no damage.
The vampire mosquito barely misses you.
The vampire mosquito completely misses you.
The vampire mosquito bites your fulminant prism!
Your fulminant prism detonates feebly.
Casting: Fulminant Prism (safe; 1% risk of failure)
Confirm with . or Enter, or press ? or * to list all spells.
Aiming: Fulminant Prism (safe; 1% risk of failure)
Press: ? - help, Dir - move target cursor You conjure a prism of explosive energy!
You are feeling very hungry.
A fulminant prism comes into view.
The vampire mosquito closely misses you.
The vampire mosquito misses you.
The vampire mosquito completely misses you.
The vampire mosquito closely misses you.
The vampire mosquito bites you.
The vampire mosquito draws strength from your injuries!
The vampire mosquito bites you!
The vampire mosquito draws strength from your injuries!
The vampire mosquito barely misses you.
The vampire mosquito closely misses you.
The vampire mosquito completely misses you.
The vampire mosquito misses you.
Your fulminant prism crackles loudly.
The vampire mosquito bites you!
The vampire mosquito draws strength from your injuries!
The vampire mosquito closely misses you.
The vampire mosquito misses you.
Your fulminant prism explodes!
The blast of energy engulfs the vampire mosquito!
You destroy the vampire mosquito!
The blast of energy engulfs the vampire mosquito!!
The vampire mosquito is severely damaged.
The blast of energy engulfs the vampire mosquito!!
You destroy the vampire mosquito!
You hear an angry hiss.
Casting: Fulminant Prism (safe; 1% risk of failure)
Confirm with . or Enter, or press ? or * to list all spells.
Aiming: Dazzling Spray (safe; 1% risk of failure)
Press: ? - help, Shift-Dir - straight line The spray of energy hits the vampire mosquito.
The vampire mosquito is almost destroyed.
The spray of energy hits the vampire mosquito!
The vampire mosquito is moderately damaged.
The vampire mosquito bites you.
The vampire mosquito draws strength from your injuries!
The vampire mosquito completely misses you.
The vampire mosquito bites you!
The vampire mosquito draws strength from your injuries!
The vampire mosquito barely misses you.
Casting: Dazzling Spray (safe; 1% risk of failure)
Confirm with . or Enter, or press ? or * to list all spells.
Aiming: Confuse (safe; 1% risk of failure)
Press: ? - help, Shift-Dir - straight line, f - vampire mosquito
Aim: a vampire mosquito (moderately damaged, chance to defeat MR: 62%)
The vampire mosquito appears confused.
The vampire mosquito barely misses you. The vampire mosquito misses you.
The vampire mosquito bites you!
The vampire mosquito draws strength from your injuries!
Casting: Confuse (safe; 1% risk of failure)
Confirm with . or Enter, or press ? or * to list all spells.
Aiming: Confuse (safe; 1% risk of failure)
Press: ? - help, Shift-Dir - straight line, f - vampire mosquito, p - vampire mosquito
Aim: a vampire mosquito (moderately damaged, chance to defeat MR: 62%)
The vampire mosquito resists with significant effort.
The vampire mosquito bites you!
* * * LOW HITPOINT WARNING * * *
The vampire mosquito draws strength from your injuries!
The vampire mosquito bites you.
* * * LOW HITPOINT WARNING * * *
The vampire mosquito draws strength from your injuries!
The vampire mosquito closely misses you.
A crocodile comes into view.
The vampire mosquito closely misses you.
Okay, then.
Throwing (i - inventory. (/) - cycle)
h - 3 throwing nets (quivered)
Press: ? - help, Shift-Dir - straight line, f/p - vampire mosquito
Aim: a vampire mosquito (lightly damaged)
Okay, then.
Evoke which item? (* to show all) (? for menu, Esc to quit)
Aiming: Enslavement
Press: ? - help, Shift-Dir - straight line, f/p - vampire mosquito
Aim: a vampire mosquito (lightly damaged, chance to defeat MR: 46%)
Okay, then.
Unknown command.
Throwing (i - inventory. (/) - cycle)
h - 3 throwing nets (quivered)
Press: ? - help, Shift-Dir - straight line, f/p - vampire mosquito
Aim: a vampire mosquito (lightly damaged)
You throw a throwing net.
The throwing net hits the vampire mosquito.
The vampire mosquito is caught in the net!
The vampire mosquito is lightly damaged.
The vampire mosquito struggles against the net.
The vampire mosquito barely misses the vampire mosquito.
The vampire mosquito struggles against the net.
The vampire mosquito misses you.
The vampire mosquito struggles against the net.
The net rips apart, and the vampire mosquito comes free!
The vampire mosquito misses you.
An electric eel comes into view.
The vampire mosquito bites you!
* * * LOW HITPOINT WARNING * * *
The vampire mosquito draws strength from your injuries!
The vampire mosquito bites you.
You die...

#...# # #...# ## ##.
####P..# ###.###.##
#.###..##
##........#######.....<.#
#.........##.#..........##
##P........#.#...........#.
#........y.##..###.........
♣..t..y@#..## #.........
♣........R.# ##.......P
≈≈≈§;♣♣♣....#.## #.......##
≈§≈ ♣♣.##### ##......P §
♣..# #......# ♣..# .##..##.
♣..# ... ≈♣.# ♣#.#


You could see the friendly Mettia the hexer, a crocodile, 2 vampire mosquitoes
and an electric eel (wandering).

Vanquished Creatures
  Harold (D:8)
  2 hydras
  3 two-headed ogres
  Pikel (D:3)
  A deep elf mage (D:9)
  2 manticores
  A cyclops (D:11)
  5 spiny frogs
  4 komodo dragons
  2 rime drakes
  2 trolls
  7 blink frogs
  Prince Ribbit (D:5)
  4 hippogriffs
  A wyvern (D:11)
  16 yaks
  Eustachio (D:4)
  6 basilisks (Lair:3)
  2 vampire mosquitoes (Lair:4)
  A steam dragon (D:10)
  A hungry ghost (D:8)
  A water moccasin (Lair:2)
  11 porcupines
  Duvessa (D:5)
  3 black bears
  4 orc warriors
  2 sky beasts (D:8)
  A slave (D:4)
  2 phantoms
  6 ogres
  3 ice beasts
  A hornet zombie (D:11)
  5 centaurs
  7 crocodiles
  A big kobold (D:8)
  Blork the orc (D:3)
  11 bullfrogs
  Dowan (D:5)
  5 scorpions
  4 killer bees (D:10)
  5 wights
  2 electric eels (D:9)
  3 howler monkeys (D:11)
  2 hexers
  10 crimson imps
  A bullfrog zombie (D:6)
  3 jellies
  5 hounds
  7 orc priests
  11 orc wizards
  3 bullfrog skeletons
  2 centaur skeletons
  Natasha (twice) (D:4)
  5 iguanas
  8 worker ants
  2 hound skeletons
  2 howler monkey zombies
  A worker ant zombie (D:8)
  10 adders
  10 gnolls
  2 shadow imps
  3 oozes
  A worm (D:2)
  2 dart slugs (D:4)
  6 leopard geckos
  35 orcs
  3 giant cockroaches
  8 goblins
  10 hobgoblins
  3 jackals (D:1)
  8 kobolds
  5 quokkas
  4 ball pythons
  9 bats
  5 frilled lizards
  A jackal skeleton (D:4)
  6 rats
339 creatures vanquished.

Vanquished Creatures (collateral kills)
  A black mamba (Lair:3)
  A blink frog (Lair:2)
  2 yaks
  A black bear (D:9)
  An ogre (D:8)
  A centaur (D:12)
  3 bullfrogs
  A wyvern skeleton (D:6)
  4 orc priests
  3 orc wizards
  A worker ant (D:5)
  A hound zombie (D:5)
  2 shadow imps
  A leopard gecko (D:8)
  6 orcs
29 creatures vanquished.

Vanquished Creatures (others)
  A slave (D:3)
  5 hexers
  Natasha (D:4)
  An ancestor (D:5)
  22 fulminant prisms
  35 fungi
  28 plants
93 creatures vanquished.

Grand Total: 461 creatures vanquished

Notes
Turn   | Place    | Note
-------+----------+-------------------------------------------
     0 | D:1      | FessEmpty the Vine Stalker Enchanter began the quest for
                  | the Orb.
     0 | D:1      | Reached XP level 1. HP: 9/9 MP: 4/4
   187 | D:1      | Reached XP level 2. HP: 13/13 MP: 0/6
   520 | D:1      | Learned a level 2 spell: Ensorcelled Hibernation
   562 | D:1      | Reached XP level 3. HP: 8/16 MP: 0/8
  1055 | D:1      | Found a shattered altar of Ashenzari.
  1826 | D:2      | Reached skill level 3 in Spellcasting
  1923 | D:2      | Gained mutation: Your natural rate of healing is unusually
                  | fast. [Vine Stalker growth]
  1923 | D:2      | Reached XP level 4. HP: 20/21 MP: 0/9
  1928 | D:2      | Learned a level 3 spell: Confuse
  2900 | D:3      | Learned a level 3 spell: Dazzling Spray
  3192 | D:3      | Found a shimmering altar of Xom.
  3238 | D:3      | Reached skill level 5 in Hexes
  3238 | D:3      | Reached XP level 5. HP: 24/24 MP: 7/11
  3401 | D:3      | Reached skill level 4 in Spellcasting
  3401 | D:3      | Reached XP level 6. HP: 28/28 MP: 1/13
  3524 | D:4      | Noticed Blork the orc
  3524 | D:4      | Noticed Eustachio
  3882 | D:3      | Killed Blork the orc
  3971 | D:4      | Killed Eustachio
  3971 | D:4      | Reached XP level 7. HP: 30/32 MP: 11/14
  4325 | D:4      | Reached skill level 1 in Short Blades
  4401 | D:4      | Noticed Natasha
  4499 | D:4      | Noticed Pikel
  4524 | D:4      | Killed Natasha
  4909 | D:3      | Killed Pikel
  4909 | D:3      | Reached skill level 5 in Spellcasting
  4909 | D:3      | Gained mutation: You have razor-sharp teeth. [Vine Stalker
                  | growth]
  4909 | D:3      | Reached XP level 8. HP: 26/36 MP: 5/17
  5017 | D:4      | Noticed Natasha
  5024 | D:4      | Killed Natasha
  5024 | D:4      | Reached skill level 5 in Stealth
  5118 | D:5      | Entered Level 5 of the Dungeon
  5160 | D:5      | Found a staircase to the Ecumenical Temple.
  5189 | Temple   | Entered the Ecumenical Temple
  5372 | Temple   | Became a worshipper of Hepliaklqana the Forgotten
  5498 | D:4      | Killed Natasha
  5739 | D:5      | Noticed Dowan
  5739 | D:5      | Noticed Duvessa
  5874 | D:5      | Killed Duvessa
  6007 | D:5      | Killed Dowan
  6007 | D:5      | Reached skill level 6 in Spellcasting
  6106 | D:5      | Noticed Prince Ribbit
  6118 | D:5      | Killed Prince Ribbit
  6118 | D:5      | Reached skill level 5 in Short Blades
  6181 | D:5      | Reached XP level 9. HP: 29/36 MP: 14/19
  6253 | D:5      | Reached skill level 1 in Fighting
  6606 | D:5      | Reached * piety under Hepliaklqana
  7461 | D:6      | You fall into a shaft and drop 3 floors!
  7461 | D:9      | Found a sacrificial altar of Ru.
  7461 | D:9      | Found a transporter.
  7461 | D:9      | Found an opulent altar of Gozag.
  7461 | D:9      | Found a basalt altar of Yredelemnul.
  7461 | D:9      | Found a hide-covered altar of Uskayaw.
  7470 | D:9      | Gained mutation: You are frail. (-10% HP) [potion of
                  | mutation]
  7470 | D:9      | Gained mutation: You have a pair of small horns on your
                  | head. [potion of mutation]
  7470 | D:9      | Gained mutation: You have a pair of horns on your head.
                  | [potion of mutation]
  7471 | D:9      | Lost mutation: You are frail. (-10% HP) [potion of
                  | mutation]
  7471 | D:9      | Lost mutation: You have a pair of horns on your head.
                  | [potion of mutation]
  7471 | D:9      | Gained mutation: You are partially covered in rugged brown
                  | scales. (AC +1, +3% HP) [potion of mutation]
  7471 | D:9      | Gained mutation: Your muscles are strong. (Str +2) [potion
                  | of mutation]
  7483 | D:9      | Found a transporter.
  7486 | D:9      | Reached ** piety under Hepliaklqana
  7499 | D:8      | Remembered your ancestor Mettia as a hexer
  7709 | D:8      | Reached skill level 7 in Spellcasting
  7949 | D:8      | Reached skill level 1 in Conjurations
  8214 | D:8      | Reached XP level 10. HP: 44/44 MP: 18/22
  8295 | D:8      | Noticed Harold
  8830 | D:7      | Found a blossoming altar of Fedhas.
  8980 | D:7      | Reached skill level 8 in Spellcasting
  9825 | D:8      | Killed Harold
 10125 | D:9      | Reached *** piety under Hepliaklqana
 10125 | D:9      | Noticed a two-headed ogre
 10416 | D:9      | Reached skill level 5 in Dodging
 10416 | D:9      | Reached skill level 9 in Spellcasting
 10640 | D:9      | Found a staircase to the Lair.
 10643 | D:9      | Reached XP level 11. HP: 33/48 MP: 16/25
 10651 | D:9      | Reached skill level 1 in Invocations
 10789 | D:9      | Found Mebuwosh's Gadget Emporium.
 10858 | D:9      | Killed a two-headed ogre
 11307 | D:9      | Noticed a deep elf mage
 11310 | D:9      | Killed a deep elf mage
 11342 | D:9      | Learned a level 1 spell: Apportation
 11344 | D:9      | Learned a level 1 spell: Confusing Touch
 11399 | D:10     | Entered Level 10 of the Dungeon
 12288 | D:10     | Found Sommomeras's Magic Scroll Shop.
 12440 | D:10     | Identified Wautob's Catalogue of Ensnaring Confrontation
 12830 | D:11     | Noticed a manticore
 12836 | D:11     | Killed a manticore
 12836 | D:11     | Reached skill level 5 in Fighting
 12865 | D:11     | Noticed a two-headed ogre
 13129 | D:11     | Found a staircase to the Orcish Mines.
 13145 | D:11     | Learned a level 4 spell: Fulminant Prism
 13150 | D:11     | Learned a level 4 spell: Cause Fear
 13151 | D:11     | Noticed a two-headed ogre
 13162 | D:11     | Killed a two-headed ogre
 13162 | D:11     | Gained mutation: You heal very quickly. [Vine Stalker
                  | growth]
 13162 | D:11     | Reached XP level 12. HP: 47/55 MP: 21/26
 13299 | D:10     | Found a sparkling altar of Nemelex Xobeh.
 13394 | D:11     | Reached **** piety under Hepliaklqana
 13418 | D:11     | Killed a two-headed ogre
 13437 | D:11     | Found a shadowy altar of Dithmenos.
 13771 | D:12     | Noticed a five-headed hydra
 13973 | Lair:1   | Entered Level 1 of the Lair of Beasts
 14701 | Lair:2   | Noticed an eight-headed hydra
 14866 | Lair:2   | Killed an eight-headed hydra
 15415 | Lair:2   | Reached ***** piety under Hepliaklqana
 15651 | Lair:2   | Reached skill level 5 in Conjurations
 16197 | Lair:3   | Found an ornate altar of the Wu Jian Council.
 16252 | Lair:3   | Reached XP level 13. HP: 61/61 MP: 7/27
 16311 | Lair:3   | Reached skill level 10 in Spellcasting
 16593 | Lair:3   | Reached skill level 5 in Invocations
 17022 | Lair:4   | HP: 1/61 [vampire mosquito (7)]
 17022 | Lair:4   | Slain by a vampire mosquito

Levels and vault maps discovered:
D:1:      roderic_crossed_star, layout_loops_cross, minmay_stone_trees_medium,
          nicolae_ashenzari_panopticon
D:2:      layout_basic
D:3:      layout_loops_ring, led_xom_imps, item_on_display_a
D:4:      layout_basic, first_ration, kennysheep_dice, uniq_pikel,
          uniq_blork_the_orc, uniq_natasha, uniq_eustachio
D:5:      layout_loops_ring, minmay_temple_entry_mist, uniq_prince_ribbit1,
          uniq_duvessa
D:6:      layout_loops_corners
D:7:      layout_basic, old_standard_altar
D:8:      layout_basic, blue_anna_alchemist [blue_anna_fruit_fields,
          blue_anna_fruit_fields], uniq_harold
D:9:      gammafunk_steamed_eel, layout_rooms,
          chequers_temple_overflow_statue_of_worship,
          due_lair_maze_entry_diamond, serial_shops, shop_fountains,
          guppyfry_early_elven_hall
D:10:     lemuel_upstairs_altar, layout_irregular_city, serial_shops,
          nicolae_shop_trees
D:11:     layout_small_grid, orc_0_dummy, grunt_ministairs_15,
          kennysheep_another_room, grunt_dithmenos_smoke_and_mirrors
D:12:     layout_basic
Temple:   regret_index_temple_waves
Lair:1:   layout_loops_ring, minmay_lair_oklob_chamber
Lair:2:   layout_cave_pods, chequers_serial_rivers_marsh
Lair:3:   minmay_lair_oklob_tunnel, layout_chaotic_city, basic_altar,
          kennysheep_basilisk_garden
Lair:4:   layout_roguey, minmay_swamp_entry_swarm,
          minmay_snake_entry_guardpost_small

Skill      XL: |  1  2  3  4  5  6  7  8  9 10 11 12 13 |
---------------+----------------------------------------+-----
Hexes          | 4 5 6 7 8 |  8.9
Spellcasting   | 3 4 5 6 7 9 10 | 10.1
Short Blades   | 3 5 6 8 |  8.8
Stealth        | 4 6 7 |  7.7
Fighting       | 2 3 5 6 |  6.8
Dodging        | 3 5 6 7 |  7.9
Conjurations   | 2 3 5 |  5.6
Invocations    | 3 4 5 |  5.2

Action                   |  1- 3 |  4- 6 |  7- 9 | 10-12 | 13-15 || total
-------------------------+-------+-------+-------+-------+-------++-------
Melee: Dagger            |    86 |   109 |   190 |   587 |    29 ||  1001
       Bite              |    20 |    31 |    51 |   223 |     7 ||   332
       Headbutt          |       |       |     7 |   139 |     6 ||   152
Throw: Throwing net      |       |       |       |     2 |     1 ||     3
 Cast: Corona            |    33 |     6 |     2 |     4 |       ||    45
       Ensorcelled Hiber |    17 |    17 |    35 |     3 |       ||    72
       Confuse           |       |    23 |    74 |   113 |     4 ||   214
       Dazzling Spray    |       |       |       |    29 |     1 ||    30
       Confusing Touch   |       |       |       |    40 |     5 ||    45
       Fulminant Prism   |       |       |       |    12 |    10 ||    22
       Cause Fear        |       |       |       |     2 |       ||     2
Invok: Recall Ancestor   |       |       |     3 |     4 |       ||     7
       Ancestor Life: He |       |       |     1 |       |       ||     1
Evoke: Wand              |       |       |     5 |     3 |       ||     8
  Use: Scroll            |     1 |       |     6 |    10 |       ||    17
       Potion            |       |       |     2 |       |       ||     2
 Stab: Sleeping          |    13 |    14 |    36 |    27 |     2 ||    92
       Confused          |       |    11 |    25 |    88 |     5 ||   129
       Distracted        |       |       |     2 |     2 |       ||     4
       Held in net/web   |       |       |       |     3 |       ||     3
       Invisible         |       |       |       |     9 |       ||     9
  Eat: Chunk             |     4 |     5 |    14 |    21 |     3 ||    47
       Ration            |       |     1 |     2 |     2 |       ||     5
Armor: Robe              |    19 |     7 |    29 |    41 |     4 ||   100
Dodge: Dodged            |    66 |    61 |    99 |   244 |    36 ||   506
